 Dungeon Crawl Stone Soup version 0.27-a0-1381-g81fdcbfb23 (webtiles) character file.

Game seed: 6072157091645824893

73 Froggeryz the Insei (level 4, 0/27 (28) HPs)
             Began as an Octopode Transmuter on June 30, 2021.
             Slain by Crazy Yiuf (10 damage)
             ... on level 2 of the Dungeon.
             The game lasted 00:01:11 (1744 turns).

Froggeryz the Insei (Octopode Transmuter)           Turns: 1744, Time: 00:01:12

HP:   0/27 (28)     AC:  1    Str:  9    XL:     4   Next: 27%
MP:   7/7           EV: 17    Int: 15    God:
Gold: 70            SH:  0    Dex: 13    Spells: 6/7 levels left

rFire    . . .     SeeInvis .     - Unarmed
rCold    . . .     Faith    .   (no shield)
rNeg     . . .     Spirit   .   (helmet restricted)
rPois    .         Reflect  .   (no amulet)
rElec    .         Harm     .   c - +4 ring of evasion
rCorr    .         Rampage  .   (no ring)
Will     .....                  (no ring)
Stlth    +++.......             (no ring)
HPRegen  0.09/turn              (no ring)
MPRegen  0.10/turn              (no ring)
                                (no ring)
                                (no ring)

@: lightly drained
A: almost no armour, amphibious, 8 rings, camouflage 1, gelatinous body 1,
(nimble swimmer 1), tentacles
a: no special abilities


You were on level 2 of the Dungeon.
You visited 1 branch of the dungeon, and saw 2 of its levels.

You collected 70 gold pieces.

Inventory:

Hand Weapons
 h - a +1 short sword of draining
Jewellery
 c - a +4 ring of evasion (left tentacle)
Scrolls
 f - 2 scrolls of identify {unknown}
 g - a scroll of summoning {unknown}
 j - a scroll of fear {unknown}
Potions
 a - a potion of might {unknown}
 b - a potion of degeneration {unknown}
 d - a potion of lignification {unknown}
 e - a potion of curing {unknown}
 i - 2 potions of invisibility {unknown}


   Skills:
 - Level 1.0 Fighting
 - Level 2.0 Dodging
 + Level 2.9 Stealth
 * Level 4.4 Unarmed Combat
 - Level 2.0 Spellcasting
 - Level 2.0 Transmutations


You had 6 spell levels left.
You knew the following spells:

 Your Spells              Type           Power      Damage    Failure   Level
a - Beastly Appendage     Tmut           14%        N/A       10%         1

Your spell library contained the following spells:

 Spells                   Type           Power      Damage    Failure   Level
 Wereblood                Tmut           7%         N/A       14%         2
 Spider Form              Tmut/Pois      2%         N/A       41%         3
 Ice Form                 Ice/Tmut       4%         N/A       82%         4


Dungeon Overview and Level Annotations

Branches:
Dungeon (2/15)

Altars:

Annotations:
D:2 Crazy Yiuf


Innate Abilities, Weirdness & Mutations

You cannot wear most types of armour.
You are amphibious.
You can wear up to eight rings at the same time.
Your skin changes colour to match your surroundings (Stealth+).
Your rubbery body absorbs attacks. (AC +1, EV +1)
((You are camouflaged near water. (Stealth+)))
You have tentacles for arms and can constrict up to eight enemies at once.


Message History

You tentacle-slap the rat.
You kill the rat!
f - 2 scrolls labelled LOIPUTOLUY (gained 1)
There is a stone staircase leading up here.
You see here a +0 spear.
Could not explore, unopened runed door.
Could not explore, unopened runed door.
Could not explore, unopened runed door.
No reachable target in view!
You open the door.
There is an open translucent door here.
Crazy Yiuf shouts!
Crazy Yiuf hits you with a +2 quarterstaff of chaos!
Ouch! That really hurt!
You feel drained.
Okay, then.
You tentacle-slap Crazy Yiuf. Your grab misses Crazy Yiuf.
Crazy Yiuf is moderately wounded.
You tentacle-slap Crazy Yiuf. You grab Crazy Yiuf.
Crazy Yiuf is moderately wounded.
You constrict Crazy Yiuf, but do no damage.
Crazy Yiuf says, "Action action mumblescurry!"
Crazy Yiuf misses you.
You tentacle-slap Crazy Yiuf but do no damage.
Crazy Yiuf is moderately wounded.
You constrict Crazy Yiuf, but do no damage.
Crazy Yiuf closely misses you.
You tentacle-slap Crazy Yiuf. You squeeze Crazy Yiuf!
Crazy Yiuf is severely wounded.
You constrict Crazy Yiuf, but do no damage.
Crazy Yiuf closely misses you.
You tentacle-slap Crazy Yiuf but do no damage.
Crazy Yiuf is severely wounded.
You constrict Crazy Yiuf, but do no damage.
Crazy Yiuf misses you.
You tentacle-slap Crazy Yiuf.
Crazy Yiuf is almost dead.
You constrict Crazy Yiuf, but do no damage.
Crazy Yiuf hits you with a +2 quarterstaff of chaos!
You die...

#..# #.#.##..........###.###.##
...# #...##..........###..##...
..####################...##......
.....)# ###.........
#..#####♣♣♣♣♣ #.###.......
#.....#...♣.♣♣♣##### #.###.......
#.###...PP.♣..♣#...# #...##......
#..#....PP♣♣♣♣.'...# ###.........
##....#.P♣♣ ♣♣#@g)# ##...#<.....
##.#.##♣♣ ##### #....#......
#...# #..#....#... ##.##
#..##.#.#... #..##
###########..........#
###...#####.....##........###..#
##........#...#.#####..#.#.......
..........#.#.#..##......#####.##
.#............##.##.....## #.#


You could see Crazy Yiuf.

Vanquished Creatures
  3 adders (D:2)
  A dart slug (D:1)
  8 endoplasms
  A giant cockroach (D:2)
  4 goblins
  4 hobgoblins (D:1)
  2 quokkas
  3 ball pythons
  5 bats
  7 frilled lizards
  4 kobolds (D:2)
  2 rats (D:2)
44 creatures vanquished.

Notes
Turn   | Place    | Note
-------+----------+-------------------------------------------
     0 | D:1      | Froggeryz the Octopode Transmuter began the quest for the
                  | Orb.
     0 | D:1      | Reached XP level 1. HP: 13/13 MP: 3/3
    28 | D:1      | Reached skill level 1 in Stealth
   157 | D:1      | Reached XP level 2. HP: 18/18 MP: 5/5
   671 | D:1      | Reached XP level 3. HP: 20/23 MP: 6/6
  1179 | D:2      | Found a runed translucent door.
  1180 | D:2      | Noticed Crazy Yiuf
  1209 | D:2      | Reached skill level 4 in Unarmed Combat
  1354 | D:2      | Reached XP level 4. HP: 22/28 MP: 7/7
  1744 | D:2      | Slain by Crazy Yiuf

Illustrated notes

Levels and vault maps discovered:
D:1:      dpeg_arrival_short_road, layout_loops_cross
D:2:      layout_rooms, minivault_14, minmay_between, uniq_crazy_yiuf_cottage

Skill      XL: |  1  2  3 |
---------------+----------+-----
Stealth        | 1 2 |  2.9
Unarmed Combat | 4 |  4.4
Fighting       | |  1.0
Dodging        | |  2.0
Spellcasting   | |  2.0
Transmutations | |  2.0

Action                   |  1- 3 |  4- 6 || total
-------------------------+-------+-------++-------
Melee: Unarmed           |    73 |    22 ||    95
       Tentacles         |    13 |     3 ||    16
       Constrict         |    16 |     6 ||    22
       Punch             |     1 |       ||     1
 Stab: Sleeping          |     9 |     2 ||    11
Armor: Skin              |     4 |     2 ||     6
Dodge: Dodged            |    40 |    19 ||    59

Table legend: (Time is in decaauts)
 A = Elapsed time spent in this place.
 B = Non-inter-level travel time spent in this place.
 C = Inter-level travel time spent in this place.
 D = Time resting spent in this place.
 E = Time spent auto-exploring this place.
 F = Levels seen in this place.
 G = Mean time per level.
                   A        B        C        D        E       F      G
               +--------+--------+--------+--------+--------+-----+--------+
         Total |   1736 |   1732 |      4 |      0 |   1498 |   2 |  868.0 |
       Dungeon |   1736 |   1732 |      4 |      0 |   1498 |   2 |  868.0 |
               +--------+--------+--------+--------+--------+-----+--------+

Top non-repeatable levels by time:
     D:1: 954 daAuts
     D:2: 782 daAuts
